 Dungeon Crawl Stone Soup version 0.31.0-9-g3a7656b989 (webtiles) character file.

Game seed: 2386831588228562443

802 qw the Ducker (level 7, 0/35 HPs)
             Began as a Spriggan Hunter on Feb 2, 2024.
             Incinerated by a bombardier beetle (5 damage)
             ... with a burning spray
             ... on level 5 of the Dungeon.
             The game lasted 00:00:13 (3711 turns).

qw the Ducker (Spriggan Hunter)                     Turns: 3711, Time: 00:00:14

Health: 0/35       AC:  2    Str:  7    XL:     7   Next: 59%
Magic:  8/8        EV: 25    Int: 11    God:
Gold:   93         SH:  0    Dex: 26    Spells: 6/6 levels left

rFire   . . .        a - +0 shortbow
rCold   + . .        (shield currently unavailable)
rNeg    . . .        c - +0 robe
rPois   .            (helmet restricted)
rElec   .            (no cloak)
rCorr   .            (gloves unavailable)
SInv    +            (boots unavailable)
Will    +....        (no amulet)
Stlth   +            d - +6 ring of dexterity
HPRegen 0.25/turn    j - ring of protection from cold
MPRegen 0.11/turn

%: no passive effects
@: on fire, glowing, very quick
A: very small, no large weapons, unfitting armour, see invisible, speed 3
a: no special abilities


You were on level 5 of the Dungeon.
You visited 1 branch of the dungeon, and saw 5 of its levels.

You collected 191 gold pieces.
You spent 98 gold pieces at shops.


Innate Abilities, Weirdness & Mutations

You are very small and have problems with some larger weapons.
You are too small for most types of armour.
You have supernaturally acute eyesight. (SInv)
You cover ground extremely quickly. (Speed+++)


   Skills:
 - Level 2.8 Fighting
 - Level 7.2 Ranged Weapons
 + Level 7.4 Dodging
 - Level 1.5 Stealth


You had 6 spell levels left.
You didn't know any spells.
Your spell library was empty.

Inventory:

Hand Weapons
 a - a +0 shortbow (weapon)
Armour
 c - a +0 robe (worn)
Jewellery
 d - a +6 ring of dexterity (left hand)
 j - a ring of protection from cold (right hand)
 Y - a ring of positive energy
Scrolls
 g - 4 scrolls of teleportation
 h - a scroll of identify
Potions
 b - a potion of ambrosia {unknown}
 e - a potion of enlightenment
 f - 2 potions of curing
 i - a potion of cancellation
 l - 2 potions of might {unknown}
 m - a potion of berserk rage {unknown}

Dungeon Overview and Level Annotations

Branches:
Dungeon (5/15)
 Temple: D:4-7

Altars:
Gozag
Kikubaaqudgha

Shops:
D:3 ?   D:4 :


Message History

You shoot an arrow.
The arrow hits the orc but does no damage.
The orc is moderately wounded.
The orc closely misses you.
You shoot an arrow. The arrow closely misses the orc.
The orc completely misses you.
You shoot an arrow. The arrow hits the orc!
You kill the orc!
You start resting.
HP restored.
Found a stone staircase leading down.
A bombardier beetle comes into view.
You shoot an arrow. The arrow hits the bombardier beetle.
The bombardier beetle is moderately wounded.
You shoot an arrow.
The arrow closely misses the bombardier beetle.
The bombardier beetle sprays incendiary fluid at you.
The burning spray hits you.
You are covered in liquid fire!
You shoot an arrow. The arrow hits the bombardier beetle.
The bombardier beetle is heavily wounded.
The liquid fire burns you!
You shoot an arrow. The arrow hits the bombardier beetle!
You kill the bombardier beetle!
The liquid fire burns you!
You are on fire!
The liquid fire burns you!
You are on fire!
The liquid fire burns you!
You are on fire!
The liquid fire burns you!
You are on fire!
The liquid fire burns you!
You are on fire!
The liquid fire burns you!
You are on fire!
The liquid fire burns you!
You are on fire!
The liquid fire burns you!
You die...

. .................###
.. #..##.......#.## #
#..###..##.#######.# #
.......)..### #.# .
.......(...#####'####
...###..##.#.##.......#
...........#.##.......'
...###..##.#.##.......#
#@.##.#.##########
.........##.#.# ##
#.#.###..##.#.# ######.
#..##.#.. .......
#..##.# ######. .>.. ..
#. .... #. #..## #. #.


There were no monsters in sight!

Vanquished Creatures
  Menkaure (D:4)
  2 ogres (D:4)
  A centaur (D:5)
  2 phantoms
  A scorpion (D:4)
  A bombardier beetle (D:5)
  A jelly (D:4)
  A hound (D:3)
  An iguana (D:5)
  A ribbon worm (D:4)
  3 dart slugs
  3 orcs
  5 endoplasms
  2 giant cockroaches
  6 hobgoblins
  6 jackals
  15 kobolds
  6 quokkas
  5 ball pythons
  3 bats
  4 frilled lizards
  11 goblins
  8 rats
89 creatures vanquished.

Notes
Turn   | Place    | Note
-------+----------+-------------------------------------------
     0 | D:1      | qw the Spriggan Hunter began the quest for the Orb.
     0 | D:1      | Reached XP level 1. HP: 10/10 MP: 2/2
     0 | D:1      | 0 ||| qw: Version: 0.3-a-155-g5e7d8dd
     0 | D:1      | 0 ||| qw: Game counter: 2634
     0 | D:1      | 0 ||| qw: Melee chars always use a shield: true
     0 | D:1      | 0 ||| qw: God list: Okawaru
     0 | D:1      | 0 ||| qw: Allow faded altars: false
     0 | D:1      | 0 ||| qw: Do Orc after clearing Dungeon:15 true
     0 | D:1      | 0 ||| qw: Do second Lair branch before Depths: true
     0 | D:1      | 0 ||| qw: Lair rune preference: random
     0 | D:1      | 0 ||| qw: Goals: Normal
     0 | D:1      | 0 ||| PLANNING D:1-11
    26 | D:1      | Reached skill level 3 in Dodging
    85 | D:1      | Reached XP level 2. HP: 14/14 MP: 3/3
   399 | D:1      | Reached XP level 3. HP: 18/18 MP: 4/4
   768 | D:1      | 768 ||| READING scroll labelled HET HES BUMEPS.
   770 | D:1      | 770 ||| READING scroll labelled SODEVI NOWUING.
   771 | D:1      | 771 ||| READING scroll labelled YHEGHI XE CAQI.
   775 | D:1      | 775 ||| READING 3 scrolls labelled VOTASTRI XUERE.
   776 | D:1      | 776 ||| READING scroll labelled XEMPIVV HODA.
   877 | D:1      | 877 ||| DROPPING scroll of butterflies.
   878 | D:1      | 878 ||| DROPPING 2 scrolls of poison.
   889 | D:2      | Found a faded altar of an unknown god.
  1499 | D:2      | 1499 ||| READING 3 scrolls labelled ORISME SAUGEHI.
  1499 | D:2      | 1499 ||| IDENTIFYING bubbling cyan potion
  1500 | D:2      | 1500 ||| READING 2 scrolls of identify.
  1500 | D:2      | 1500 ||| IDENTIFYING fuming sapphire potion
  1501 | D:2      | 1501 ||| READING scroll of identify.
  1501 | D:2      | 1501 ||| IDENTIFYING bubbling silvery potion
  1502 | D:2      | 1502 ||| READING scroll labelled XUOCAJ DOSK.
  1533 | D:2      | 1533 ||| READING scroll labelled WUXIGO ZOYFI.
  1534 | D:2      | 1534 ||| DRINKING 2 sedimented silvery potions.
  1535 | D:2      | 1535 ||| DROPPING potion of lignification.
  1536 | D:2      | 1536 ||| DROPPING potion of degeneration.
  1651 | D:3      | Found Lycemi's Magic Scroll Shoppe.
  1656 | D:3      | 1656 ||| SHOPLISTING scroll of enchant armour (105 gold,
                  | have 99).
  1656 | D:3      | 1656 ||| SHOPLISTING scroll of enchant weapon (105 gold,
                  | have 99).
  1656 | D:3      | 1656 ||| BUYING scroll of identify (28 gold).
  1656 | D:3      | Bought a scroll of identify for 28 gold pieces
  1656 | D:3      | 1656 ||| BUYING scroll of identify (28 gold).
  1656 | D:3      | Bought a scroll of identify for 28 gold pieces
  1656 | D:3      | 1656 ||| BUYING scroll of teleportation (42 gold).
  1656 | D:3      | Bought a scroll of teleportation for 42 gold pieces
  1746 | D:3      | 1746 ||| FLEEEEING.
  1747 | D:3      | 1747 ||| FLEEEEING.
  1748 | D:3      | 1748 ||| FLEEEEING.
  1750 | D:3      | 1750 ||| FLEEEEING.
  1752 | D:3      | 1752 ||| FLEEEEING.
  1853 | D:3      | 1853 ||| FLEEEEING.
  1854 | D:3      | 1854 ||| FLEEEEING.
  2178 | D:3      | 2178 ||| UPGRADING to +6 ring of dexterity.
  2179 | D:3      | 2179 ||| DROPPING +6 ring of intelligence.
  2180 | D:3      | 2180 ||| READING 2 scrolls of identify.
  2180 | D:3      | 2180 ||| IDENTIFYING purple potion
  2181 | D:3      | 2181 ||| READING scroll of identify.
  2181 | D:3      | 2181 ||| IDENTIFYING amethyst potion
  2182 | D:3      | 2182 ||| READING scroll labelled XEUWKA KOIFEOX.
  2195 | D:4      | 2195 ||| STAIRDANCE
  2207 | D:3      | Reached XP level 4. HP: 8/23 MP: 5/5
  2323 | D:4      | Identified the +5 dagger of Turmoil {spect, ^Drain +Blink
                  | Will+ Stlth+}
  2437 | D:4      | Noticed a scorpion
  2438 | D:4      | 2438 ||| DRINKING potion of haste.
  2449 | D:4      | Killed a scorpion
  2450 | D:4      | Reached skill level 6 in Dodging
  2450 | D:4      | Reached XP level 5. HP: 15/26 MP: 6/6
  2462 | D:4      | HP: 6/26 [poisoned by a scorpion]
  2595 | D:4      | Noticed a phantom
  2609 | D:4      | Killed a phantom
  2785 | D:4      | Noticed Menkaure
  2791 | D:4      | Killed Menkaure
  2792 | D:4      | Reached XP level 6. HP: 23/32 MP: 7/7
  2881 | D:4      | Found Wuboll's Self-Improvement Boutique.
  2896 | D:4      | Reached skill level 6 in Ranged Weapons
  3079 | D:4      | Reached XP level 7. HP: 20/35 MP: 8/8
  3144 | D:4      | Found an opulent altar of Gozag.
  3301 | D:4      | Found an ancient bone altar of Kikubaaqudgha.
  3373 | D:4      | 3373 ||| UPGRADING to ring of positive energy.
  3374 | D:4      | 3374 ||| UPGRADING to ring of protection from cold.
  3376 | D:4      | 3376 ||| READING scroll of identify.
  3376 | D:4      | 3376 ||| IDENTIFYING gluggy blue potion
  3377 | D:4      | 3377 ||| READING scroll labelled HOER SOMEKA.
  3378 | D:4      | 3378 ||| DROPPING potion of magic.
  3409 | D:5      | Entered Level 5 of the Dungeon
  3709 | D:5      | HP: 8/35 [burnt (4)]
  3711 | D:5      | Incinerated by a bombardier beetle

Levels and vault maps discovered:
D:1:      dpeg_arrival_shrine, layout_basic
D:2:      layout_loops_ring, nicolae_ecumenical_pavilion, minmay_fountain_box
D:3:      layout_loops_cross, serial_shops, shop, serial_rivers,
          chequers_serial_rivers_large_a, chequers_serial_rivers_micro_d,
          chequers_serial_rivers_micro_c, chequers_serial_rivers_marsh,
          nicolae_figureground_sparkle
D:4:      layout_cave_pods, kennysheep_little_box,
          nicolae_gozag_cash_rules_everything_around_me, nicolae_shop_self_help,
          uniq_menkaure
D:5:      layout_basic, uniq_blork_the_orc

Skill      XL: |  1  2  3  4  5  6  7 |
---------------+----------------------+-----
Dodging        | 3 4 6 7 |  7.4
Ranged Weapons | 5 6 7 |  7.2
Fighting       | 2 |  2.8
Stealth        | |  1.5

Action                     |  1- 3 |  4- 6 |  7- 9 || total
---------------------------+-------+-------+-------++-------
   Fire: Shortbow          |   156 |    93 |    38 ||   287
    Use: Scroll            |    13 |       |     2 ||    15
         Potion            |     1 |     1 |       ||     2
 Armour: Robe              |    17 |     8 |     8 ||    33
  Dodge: Dodged            |    50 |    28 |    22 ||   100

Table legend:
 A = Non-vault XP
 B = Vault XP
 C = Vault XP percentage of total XP
 D = Non-vault monster count
 E = Vault monster count
 F = Vault count percentage of total count
                 A         B        C        D         E       F
            +---------+---------+-------+---------+---------+-------
      Total |     975 |     172 |  15.0 |      88 |       1 |   1.1
            +---------+---------+-------+---------+---------+-------
        D:1 |      58 |       0 |   0.0 |      35 |       0 |   0.0
        D:2 |      25 |       0 |   0.0 |      16 |       0 |   0.0
        D:3 |      53 |       0 |   0.0 |      10 |       0 |   0.0
        D:4 |     522 |     172 |  24.8 |      21 |       1 |   4.5
        D:5 |     317 |       0 |   0.0 |       6 |       0 |   0.0
            +---------+---------+-------+---------+---------+-------
